PUBAA
RALEIGH TRASH PANDAS @ PARADISE VALLEY POLAR KINGS
08/28/1972
 
TOP OF THE 1ST
Raleigh Trash Pandas batting - Pitching for Paradise Valley Polar Kings : RHP Carlos Moreno
Pitching: RHP Carlos Moreno
Batting: RHB Wes Springer 0-0: Ball
1-0: SOLO HOME RUN (Flyball, 7LD, EV 93.8 MPH), Distance : 345 ft
Batting: SHB Robert Wolf 0-0: Foul Ball, location: 3F
0-1: Ball
1-1: Bunted foul
1-2: Ball
2-2: Ball
3-2: Strikes out swinging
Batting: RHB Lutz Heinrich 0-0: Ball
1-0: Foul Ball, location: 9LSF
1-1: Ball
2-1: Ground out 6-3 (Groundball, 6, EV 86.3 MPH)
Batting: LHB Yasser Miller 0-0: Foul Ball, location: 2F
0-1: Ball
1-1: Fly out, F8 (Flyball, 78XD, EV 86.9 MPH)
Top of the 1st over - 1 run, 1 hit, 0 errors, 0 left on base; Raleigh 1 - Paradise Valley 0
BOTTOM OF THE 1ST
Paradise Valley Polar Kings batting - Pitching for Raleigh Trash Pandas : RHP Gerard Bridges
Pitching: RHP Gerard Bridges
Batting: LHB Germán Ramírez 0-0: Ball
1-0: Ball
2-0: Ground out 6-3 (Groundball, 6, EV 78.8 MPH)
Batting: RHB Will Bland 0-0: Ball
1-0: Ball
2-0: SINGLE (Line Drive, 56D, EV 94.4 MPH)
Batting: LHB Emílio Manuel 0-0: Ball
1-0: Called Strike
1-1: Foul Ball, location: 7LSF
1-2: Strikes out looking
Batting: RHB Noel Byrd 0-0: Called Strike
Will Bland is caught stealing 2nd base 2-4
Bottom of the 1st over - 0 runs, 1 hit, 0 errors, 0 left on base; Raleigh 1 - Paradise Valley 0
TOP OF THE 2ND
Raleigh Trash Pandas batting - Pitching for Paradise Valley Polar Kings : RHP Carlos Moreno
Batting: RHB Ron Taylor 0-0: Called Strike
0-1: Hit by Pitch
Batting: RHB Dave Kingman 0-0: Ball
Ron Taylor steals 2nd base
1-0: Ball
2-0: Called Strike
2-1: Foul Ball, location: 2RF
2-2: Strikes out swinging
Batting: RHB Rafael Ruíz 0-0: Ball
1-0: DOUBLE (Flyball, 9LD, EV 94.4 MPH)
Ron Taylor scores
Batting: RHB Luis Estrada 0-0: Called Strike
0-1: Foul Ball, location: 2F
0-2: Ball
1-2: Ground out 6-3 (Groundball, 56, EV 85.6 MPH)
Batting: RHB Paul Wilson 0-0: Ball
1-0: Fly out, F9 (Flyball, 9S, EV 87.5 MPH)
Top of the 2nd over - 1 run, 1 hit, 0 errors, 1 left on base; Raleigh 2 - Paradise Valley 0
BOTTOM OF THE 2ND
Paradise Valley Polar Kings batting - Pitching for Raleigh Trash Pandas : RHP Gerard Bridges
Batting: RHB Noel Byrd 0-0: Swinging Strike
0-1: Fly out, F8 (Flyball, 8LS, EV 91.3 MPH)
Batting: RHB Lou Miller 0-0: Called Strike
0-1: DOUBLE (Flyball, 89D, EV 100.6 MPH)
Batting: RHB Diego Mata 0-0: Ball
1-0: Ground out 1-3 (Groundball, 34S, EV 72.5 MPH)
Batting: RHB Bob Bradley 0-0: Ball
1-0: Swinging Strike
1-1: Foul Ball, location: 2F
1-2: Foul Ball, location: 3FF
1-2: Foul Ball, location: 2F
1-2: DOUBLE (Groundball, 5L, EV 106.9 MPH)
Lou Miller scores
Batting: RHB Justin Porter 0-0: Ball
1-0: Ball
2-0: SINGLE (Groundball, 5D, EV 100.0 MPH)
Bob Bradley to third
Runner from 3rd tries for Home, SAFE, throw by LF to home
Justin Porter to second
Batting: RHB Tom Goodwin 0-0: Ball
1-0: Ball
2-0: Ground out 6-3 (Groundball, 6, EV 87.5 MPH)
Bottom of the 2nd over - 2 runs, 3 hits, 0 errors, 1 left on base; Raleigh 2 - Paradise Valley 2
TOP OF THE 3RD
Raleigh Trash Pandas batting - Pitching for Paradise Valley Polar Kings : RHP Carlos Moreno
Batting: RHB Wes Springer 0-0: Called Strike
0-1: Ball
1-1: Ball
2-1: Ball
3-1: Swinging Strike
3-2: Ground out U3 (Groundball, 34, EV 83.8 MPH)
Batting: SHB Robert Wolf 0-0: Called Strike
0-1: Swinging Strike
0-2: Strikes out swinging
Batting: RHB Lutz Heinrich 0-0: Ball
1-0: Ball
2-0: Fly out, F7 (Line Drive, 78D, EV 86.9 MPH)
Top of the 3rd over - 0 runs, 0 hits, 0 errors, 0 left on base; Raleigh 2 - Paradise Valley 2
BOTTOM OF THE 3RD
Paradise Valley Polar Kings batting - Pitching for Raleigh Trash Pandas : RHP Gerard Bridges
Batting: LHB Germán Ramírez 0-0: Called Strike
0-1: Ball
1-1: Fly out, F9 (Flyball, 89S, EV 90.6 MPH)
Batting: RHB Will Bland 0-0: Ball
1-0: SINGLE (Groundball, 4MD, EV 94.4 MPH)
Batting: LHB Emílio Manuel 0-0: Ball
1-0: Called Strike
1-1: Ball
Will Bland steals 2nd base
2-1: Swinging Strike
2-2: Strikes out swinging
Batting: RHB Noel Byrd 0-0: Ball
1-0: Swinging Strike
1-1: 2-RUN HOME RUN (Flyball, 89XD, EV 106.3 MPH), Distance : 421 ft
Batting: RHB Lou Miller 0-0: Called Strike
0-1: Ball
1-1: Foul Ball, location: 2F
1-2: Foul Ball, location: 2F
1-2: Fly out, F6 (Popup, P, EV 84.4 MPH)
Bottom of the 3rd over - 2 runs, 2 hits, 0 errors, 0 left on base; Raleigh 2 - Paradise Valley 4
TOP OF THE 4TH
Raleigh Trash Pandas batting - Pitching for Paradise Valley Polar Kings : RHP Carlos Moreno
Batting: LHB Yasser Miller 0-0: Swinging Strike
0-1: Swinging Strike
0-2: Ball
1-2: Ball
2-2: Strikes out swinging
Batting: RHB Ron Taylor 0-0: Ball
1-0: SINGLE (Groundball, 34D, EV 107.5 MPH)
Batting: RHB Dave Kingman 0-0: Called Strike
Ron Taylor steals 2nd base
0-1: Foul Ball, location: 2F
0-2: Strikes out swinging
Batting: RHB Rafael Ruíz 0-0: Ground out 6-3 (Groundball, 6, EV 105.6 MPH)
Top of the 4th over - 0 runs, 1 hit, 0 errors, 1 left on base; Raleigh 2 - Paradise Valley 4
BOTTOM OF THE 4TH
Paradise Valley Polar Kings batting - Pitching for Raleigh Trash Pandas : RHP Gerard Bridges
Batting: RHB Diego Mata 0-0: Called Strike
0-1: Swinging Strike
0-2: Ball
1-2: Ball
2-2: Strikes out swinging
Batting: RHB Bob Bradley 0-0: SINGLE (Line Drive, 6D, EV 105.0 MPH)
Batting: RHB Justin Porter 0-0: Ball
1-0: Fly out, F9 (Line Drive, 9, EV 95.6 MPH)
Batting: RHB Tom Goodwin 0-0: Called Strike
Bob Bradley steals 2nd base
0-1: Foul Ball, location: 2F
0-2: Fly out, F8 (Flyball, 8LD, EV 105.6 MPH)
Bottom of the 4th over - 0 runs, 1 hit, 0 errors, 1 left on base; Raleigh 2 - Paradise Valley 4
TOP OF THE 5TH
Raleigh Trash Pandas batting - Pitching for Paradise Valley Polar Kings : RHP Carlos Moreno
Batting: RHB Luis Estrada 0-0: Ball
1-0: Swinging Strike
1-1: Foul Ball, location: 2F
1-2: Fly out, F8 (Flyball, 8RM, EV 93.8 MPH)
Batting: RHB Paul Wilson 0-0: SINGLE (Line Drive, 89S, EV 84.4 MPH)
Batting: RHB Wes Springer 0-0: Fly out, F3 (Line Drive, 3L, EV 61.9 MPH)
Lined into DP, U3 (Line Drive, 3L, EV 61.9 MPH)
Top of the 5th over - 0 runs, 1 hit, 0 errors, 0 left on base; Raleigh 2 - Paradise Valley 4
BOTTOM OF THE 5TH
Paradise Valley Polar Kings batting - Pitching for Raleigh Trash Pandas : RHP Gerard Bridges
Batting: LHB Germán Ramírez 0-0: Foul Ball, location: 7LMF
0-1: Ball
1-1: Foul Ball, location: 5SF
1-2: Ball
2-2: Ball
3-2: Strikes out swinging
Batting: RHB Will Bland 0-0: Ball
1-0: Swinging Strike
1-1: Ball
2-1: Foul Ball, location: 5F
2-2: Ground out U3 (Groundball, 34, EV 108.1 MPH)
Batting: LHB Emílio Manuel 0-0: Called Strike
0-1: Ball
1-1: Ground out 4-3 (Groundball, 4, EV 81.3 MPH)
Bottom of the 5th over - 0 runs, 0 hits, 0 errors, 0 left on base; Raleigh 2 - Paradise Valley 4
TOP OF THE 6TH
Raleigh Trash Pandas batting - Pitching for Paradise Valley Polar Kings : RHP Carlos Moreno
Batting: SHB Robert Wolf 0-0: Bunt for hit to 23 - play at first, batter safe!
Batting: RHB Lutz Heinrich 0-0: Ball
Wild Pitch!
Robert Wolf to second
1-0: Ball
2-0: Called Strike
2-1: Foul Ball, location: 7LMF
2-2: Foul Ball, location: 7LSFF
2-2: Ball
3-2: Foul Ball, location: 9LDF
3-2: SINGLE (Groundball, 4MS, EV 75.6 MPH) (infield hit)
Robert Wolf to third
Batting: LHB Yasser Miller 0-0: Ball
1-0: Called Strike
1-1: Ball
2-1: Called Strike
2-2: SINGLE (Groundball, 13S, EV 76.9 MPH) (infield hit)
Lutz Heinrich to second
Batting: RHB Ron Taylor 0-0: Foul Ball, location: 23F
0-1: Ball
1-1: Called Strike
1-2: Ball
2-2: Strikes out swinging
Batting: RHB Dave Kingman 0-0: Ball
1-0: Ball
2-0: Ball
3-0: Base on Balls
Robert Wolf scores
Lutz Heinrich to third
Yasser Miller to second
Batting: RHB Rafael Ruíz 0-0: Fly out, F7 (Flyball, 7S, EV 90.6 MPH)
Batting: RHB Luis Estrada 0-0: Ball
1-0: Fielders Choice at 2nd, 6-4 (Groundball, 6, EV 105.6 MPH)
Top of the 6th over - 1 run, 3 hits, 0 errors, 3 left on base; Raleigh 3 - Paradise Valley 4
BOTTOM OF THE 6TH
Paradise Valley Polar Kings batting - Pitching for Raleigh Trash Pandas : RHP Gerard Bridges
Batting: RHB Noel Byrd 0-0: Ball
1-0: Ball
2-0: Ground out 6-3 (Groundball, 6, EV 109.4 MPH)
Batting: RHB Lou Miller 0-0: Ball
1-0: Ball
2-0: Called Strike
2-1: Ground out 6-3 (Groundball, 6, EV 106.3 MPH)
Batting: RHB Diego Mata 0-0: Foul Ball, location: 9LMF
0-1: Ball
1-1: Called Strike
1-2: Strikes out swinging
Bottom of the 6th over - 0 runs, 0 hits, 0 errors, 0 left on base; Raleigh 3 - Paradise Valley 4
TOP OF THE 7TH
Raleigh Trash Pandas batting - Pitching for Paradise Valley Polar Kings : RHP Carlos Moreno
Pinch Hitting: LHB George White 0-0: Ball
1-0: Ball
2-0: Swinging Strike
2-1: Ball
3-1: Foul Ball, location: 7LDF
3-2: Ground out U3 (Groundball, 34, EV 86.3 MPH)
Batting: RHB Wes Springer 0-0: Swinging Strike
0-1: Ball
1-1: Foul Ball, location: 2F
1-2: Ball
2-2: Fly out, F8 (Flyball, 78M, EV 91.3 MPH)
Batting: SHB Robert Wolf 0-0: Ball
1-0: Ball
2-0: Foul Ball, location: 2F
2-1: Foul Ball, location: 2F
2-2: Ball
3-2: Base on Balls
Batting: RHB Lutz Heinrich Pickoff Throw to First - Out! 1-3 CS
Top of the 7th over - 0 runs, 0 hits, 0 errors, 0 left on base; Raleigh 3 - Paradise Valley 4
BOTTOM OF THE 7TH
Paradise Valley Polar Kings batting - Pitching for Raleigh Trash Pandas : RHP Gerard Bridges
Now at 2B: Tim Hall
Batting: RHB Bob Bradley 0-0: SINGLE (Line Drive, 89S, EV 105.6 MPH)
Batting: RHB Justin Porter 0-0: Ball
1-0: Ball
2-0: Foul Ball, location: 2F
2-1: Swinging Strike
2-2: SINGLE (Groundball, 4MD, EV 99.4 MPH)
Bob Bradley to second
Batting: RHB Tom Goodwin 0-0: Ball
1-0: Bunted foul
1-1: Reached on error, E1 (Groundball, P, EV 0.0 MPH)
Bob Bradley to third
Justin Porter to second
Batting: LHB Germán Ramírez 0-0: Ball
1-0: Ball
2-0: Ball
3-0: Base on Balls
Bob Bradley scores
Justin Porter to third
Tom Goodwin to second
Batting: RHB Will Bland 0-0: Ball
1-0: Foul Ball, location: 9LDF
1-1: Foul Ball, location: 5FF
1-2: Ball
2-2: SINGLE (Flyball, 4MD, EV 84.4 MPH)
Justin Porter scores
Tom Goodwin to third
Germán Ramírez to second
Runner from 3rd tries for Home, SAFE, throw by CF to home
Pitching: RHP Dennis Musgraves
Batting: LHB Emílio Manuel 0-0: Called Strike
0-1: Ball
1-1: Swinging Strike
1-2: Foul Ball, location: 9LMF
1-2: Foul Ball, location: 25F
1-2: Ball
2-2: Foul Ball, location: 2RF
2-2: Ball
3-2: Fly out, F8 (Flyball, 8RS, EV 88.1 MPH)
Batting: RHB Noel Byrd 0-0: Ball
1-0: Ball
2-0: Fly out, F9 (Flyball, 9LM, EV 85.6 MPH)
Runner from 2nd tags up, SAFE at 3rd, no throw by RF
Batting: RHB Lou Miller 0-0: Ball
1-0: Ball
2-0: Swinging Strike
2-1: Fly out, F9 (Flyball, 9LM, EV 76.3 MPH)
Bottom of the 7th over - 3 runs, 3 hits, 1 error, 2 left on base; Raleigh 3 - Paradise Valley 7
TOP OF THE 8TH
Raleigh Trash Pandas batting - Pitching for Paradise Valley Polar Kings : RHP Carlos Moreno
Batting: RHB Lutz Heinrich 0-0: Ball
1-0: Ball
2-0: Called Strike
2-1: Foul Ball, location: 2F
2-2: Fly out, F7 (Flyball, 7, EV 80.0 MPH)
Batting: LHB Yasser Miller 0-0: SINGLE (Groundball, 6MD, EV 98.8 MPH)
Batting: RHB Ron Taylor 0-0: Foul Ball, location: 2F
0-1: Foul Ball, location: 7LSFF
0-2: Ball
1-2: Foul Ball, location: 9LDF
1-2: SINGLE (Line Drive, 6D, EV 98.8 MPH)
Yasser Miller to second
Throwing error, E7
Yasser Miller scores
Ron Taylor to second
Batting: RHB Dave Kingman 0-0: Called Strike
0-1: Ball
1-1: Ball
2-1: Fly out, F3 (Popup, 3L, EV 60.6 MPH)
Batting: RHB Rafael Ruíz 0-0: Ball
1-0: Foul Ball, location: 2F
1-1: Fly out, F3 (Popup, 23F, EV 88.8 MPH)
Top of the 8th over - 1 run, 2 hits, 1 error, 1 left on base; Raleigh 4 - Paradise Valley 7
BOTTOM OF THE 8TH
Paradise Valley Polar Kings batting - Pitching for Raleigh Trash Pandas : RHP Dennis Musgraves
Batting: RHB Diego Mata 0-0: Ball
1-0: Ball
2-0: Called Strike
2-1: Ball
3-1: Base on Balls
Batting: RHB Bob Bradley 0-0: Ball
1-0: Called Strike
1-1: Called Strike
1-2: Strikes out looking
Batting: RHB Justin Porter 0-0: Ball
1-0: Ball
2-0: Grounds into double play, 6-4-3 (Groundball, 6, EV 98.1 MPH)
Bottom of the 8th over - 0 runs, 0 hits, 0 errors, 0 left on base; Raleigh 4 - Paradise Valley 7
TOP OF THE 9TH
Raleigh Trash Pandas batting - Pitching for Paradise Valley Polar Kings : RHP Carlos Moreno
Batting: RHB Luis Estrada 0-0: SINGLE (Groundball, 4MD, EV 105.0 MPH)
Batting: RHB Tim Hall 0-0: Foul Ball, location: 9LMF
0-1: Ball
1-1: Ball
2-1: Fly out, F5 (Line Drive, 5, EV 70.0 MPH)
Pinch Hitting: SHB Sidney Taylor 0-0: Ball
1-0: Ground out 4-3 (Groundball, 34, EV 80.6 MPH)
Luis Estrada to second
Batting: SHB Robert Wolf 0-0: DOUBLE (Line Drive, 78D, EV 109.4 MPH)
Luis Estrada scores
Pitching: LHP Colin Martin
Now in CF: Katsuyoshi Fujii
Now in RF: Diego Mata
Batting: RHB Lutz Heinrich 0-0: Called Strike
0-1: Ball
1-1: Ball
2-1: Ground out 5-3 (Groundball, 56, EV 105.0 MPH)
Top of the 9th over - 1 run, 2 hits, 0 errors, 1 left on base; Raleigh 5 - Paradise Valley 7
Monday, April 29th , 2024 - OOTP Baseball 24.8 Build 75